Map: Equilibrium LE

Players

Subwayeatn

  • Race: Zerg Zerg
  • League: Platinum
  • Spawn Location: 1:00

Superstar - Winner!

  • Race: Terran Terran
  • League: Platinum
  • Spawn Location: 11:00

VOD

Have the link to the VOD?

Description

Time

  • Played on: Oct. 28, 2023, 7:37 p.m.
  • Length: 4:46
Show
View Real Time Build Order
Export as new Build Order

Subwayeatn Zerg 

Build Orders: Pool First 

Get SALT Encoding   

  12  0:17  Spawning Pool  
  11  0:22  Drone  
  11  0:26  Drone  
  13  0:30  Drone  
  14  0:40  Overlord  
  14  1:06  Hatchery  
  14  1:08  Zergling x2  
  14  1:12  Zergling x2  
  14  1:15  Zergling x2  
  16  1:20  Zergling x2  
  17  1:30  Zergling x2  
  18  1:34  Queen  
  20  1:41  Drone  
  21  1:51  Drone  
  20  2:28  Queen  
  22  2:47  Spine Crawler  
  21  2:54  Queen  
  21  2:57  Drone x5  
  28  3:00  Extractor  
  25  3:17  Overlord  
  20  3:47  Zergling x6  
  23  4:00  Queen  
  25  4:03  Zergling x6  
Show
View Real Time Build Order
Export as new Build Order

Superstar Terran - Winner!

Build Orders:  

Get SALT Encoding   

  12  0:01  SCV  
  13  0:13  SCV  
  14  0:21  Supply Depot  
  14  0:25  SCV  
  15  0:43  SCV  
  16  0:50  Barracks  
  16  0:56  Barracks  
  16  0:59  SCV  
  17  1:11  Barracks  
  17  1:14  SCV  
  18  1:23  Supply Depot  
  18  1:30  Refinery  
  18  1:33  SCV  
  18  1:39  Marine  
  20  1:50  Bunker  
  20  1:51  Marine  
  21  1:57  Marine  
  21  1:59  SCV  
  21  2:01  Marine  
  24  2:09  Marine  
  25  2:19  Marine  
  25  2:31  Marine  
  25  2:37  SCV, Marine  
  26  2:40  Marine  
  29  2:52  Supply Depot  
  29  2:54  Marine  
  29  2:58  Marine  
  31  3:13  Marine  
  31  3:16  Marine  
  33  3:20  Factory  
  32  3:31  Marine  
  30  3:37  Marine  
  31  3:45  Orbital Command  
  31  3:49  Marine  
  31  3:50  Refinery  
  31  3:55  Barracks Reactor  
  32  4:03  Marine  
  32  4:06  Marine  
  34  4:14  Factory Tech Lab  
  34  4:18  SCV  
  34  4:20  Supply Depot  
Tags
 
Matchup
TvZ
Opening
Pool First
Replay Pack
Multiplayer
Spawn Locations
Close Positions
Add a new tag
Caveats
  • Supply blocks, unpowered buildings, or Contaminate may cause inaccurate times.
  • Supply counts are checked every 10 seconds.